cohdb
Replays
Latest Replays
All Replays
Popular Replays
Top Player Replays
Match Explorer
How It Works
Community
CoH3 Stats
Reddit
Sign in to upload your games and track your stats! →
Sign in with Steam
Match 41932511
Unlisted
Match 41932511
Overview
Messages
Build Orders
End
Panzergrenadier Squad
Panzergrenadier Squad
Selects Panzerjäger Kommand Battlegroup
250 Light Carrier
Construct Light Support Kompanie
Selects GrB 39 Grenade Launcher Requisition
2.5-tonne Medical Truck
MG34 Team
Fire Support Elements
Pak 38 Anti-tank Gun Team
Assault Mechanized Group
Selects Mine Fields
Selects Defensive Positions
Construct Panzerarmee Kommand
Veteran Squad Leaders
Panzer III L Medium Tank
Panzer III L Medium Tank
Selects Crew Shock Tactics
Vehicle Survival Package
Panzer III L Medium Tank
Pak 38 Mechanized Group
Selects Anti-tank Overwatch
Selects Anti-tank Overwatch
Armored Reserves
leonidas
Nemesis91
NotQuiteAKing
Numenour
0
0
Comments
sign in to comment!
No comments posted yet!